 Dungeon Crawl Stone Soup version 0.26-a0-812-g31a745ddcd (webtiles) character file.

Game seed: 7407663579055785151

1995 usernamexdxd the Quickloader (level 9, 34/85 HPs)
             Began as a Deep Dwarf Hunter on Nov 27, 2020.
             Was a Priest of Makhleb.
             Quit the game on level 7 of the Dungeon on Nov 28, 2020.
             The game lasted 00:20:03 (5738 turns).

usernamexdxd the Quickloader (Deep Dwarf Hunter)    Turns: 5738, Time: 00:20:04

Health: 34/85      AC: 16    Str: 20    XL:     9   Next: 1%
Magic:  18/18 (9)  EV:  7    Int: 11    God:    Makhleb [***...]
Gold:   527        SH:  0    Dex: 15    Spells: 8/8 levels left

rFire    . . .     SeeInvis .   a - +2 hand crossbow
rCold    . . .     Faith    .   (no shield)
rNeg     . . .     Spirit   .   m - +0 plate armour
rPois    .         Reflect  .   (no helmet)
rElec    .         Harm     .   f - +1 cloak
rCorr    .         Rampage  .   (no gloves)
MR       +....                  (no boots)
Stlth    ..........             (no amulet)
HPRegen  0.00/turn              k - ring of magical power
MPRegen  0.16/turn              i - ring of flight

@: non-regenerating
A: damage resistance, heal wounds, talons 1, molten scales 1, agile 1, sense
surroundings 2, no regeneration
a: Heal Wounds, Minor Destruction, Lesser Servant of Makhleb, Renounce Religion,
Evoke Flight


You were on level 7 of the Dungeon.
You worshipped Makhleb.
Makhleb was most pleased with you.
You visited 1 branch of the dungeon, and saw 7 of its levels.
You also visited: Sewer.

You collected 527 gold pieces.

Inventory:

Hand Weapons
 a - a +2 hand crossbow (weapon)
 b - a +1 dagger of venom
Missiles
 s - 3 bolts (quivered)
Armour
 f - a +1 cloak (worn)
 m - a +0 plate armour (worn)
Jewellery
 i - a ring of flight (right hand)
 k - a ring of magical power (left hand)
Scrolls
 c - a scroll of fear
 j - a scroll of enchant armour
 l - a scroll of enchant weapon
 n - 2 scrolls of immolation
 o - a scroll of amnesia
 r - a scroll of identify
 t - 4 scrolls of teleportation
 x - 4 scrolls of remove curse
 z - 2 scrolls of blinking
Potions
 d - 2 potions of might
 e - 3 potions of brilliance
 g - 2 potions of lignification
 h - a potion of haste
 q - 5 potions of curing
 w - 6 potions of heal wounds


   Skills:
 + Level 6.6 Fighting
 - Level 10.0 Crossbows
 - Level 5.0 Armour
 - Level 2.1 Dodging
 - Level 1.2 Stealth


You had 8 spell levels left.
You didn't know any spells.
Your spell library was empty.

Dungeon Overview and Level Annotations

Branches:
Dungeon (7/15)             Temple (0/1) D:6           Sewer (visited)

Altars:
Elyvilon
Kikubaaqudgha
Makhleb
Wu Jian
Xom

Annotations:
D:3 1 runed translucent door, Zanta616's ghost, weakling FeSu
D:6 1 runed translucent door, Crazy Yiuf
D:7 Prince Ribbit


Innate Abilities, Weirdness & Mutations

You are resistant to damage.
You can heal yourself by infusing magical energy.
You passively map the area around you.
You do not regenerate.
You have sharp toenails.
You are partially covered in molten scales. (AC +2)
You are agile. (Dex +2)


Message History

There is a stone staircase leading down here.
There is a stone staircase leading down here.
You see here 13 arrows.
Found a mace.
Found a runed translucent door.
Crazy Yiuf shouts!
Your +1 dagger of venom stops dripping with poison.
a - a +2 hand crossbow (weapon)
Crazy Yiuf grits, "Prologue tea broken!"
Your +1 dagger of venom begins to drip with poison!
b - a +1 dagger of venom (weapon)
There is a stone staircase leading down here.
You climb downwards.
A bullfrog and Prince Ribbit come into view.
Prince Ribbit croaks.
The bullfrog croaks.
You hear a croak.
Found 18 gold pieces and a chain mail.
There is a stone staircase leading up here.
Your +1 dagger of venom stops dripping with poison.
a - a +2 hand crossbow (weapon)
You are too injured to fight recklessly!
Are you sure you want to abandon this character and quit the game? (Confirm with "yes".)

, , , , ,,,
#....,,*...
.. , ,
,,,.....
,..###.# , ,
, ....F.
......., , ,
......
....... ,
....##.....,
, ,,
..##.......
, , , , , ,
, [...$....#
, , ,, , , ,
#.@# , ,, ,
,, , , #.##
,, , ,, ,
..., , , ,,
, , , #.##.,
, ,, , * ,
#**#., , , ,
,, ,, * F. ,
>, , * * #.
,, , ,, *,
,## , , , ,
, * , , ,


You could see Prince Ribbit and a bullfrog.

Vanquished Creatures
  Eustachio (D:6)
  Edmund (D:5)
  A necrophage (D:5)
  2 phantoms (D:6)
  An ice beast (D:6)
  2 ogres
  2 bullfrogs (D:6)
  A wight (D:6)
  4 crimson imps (D:3)
  2 hounds
  A jelly (D:6)
  3 orc priests (D:4)
  A centaur zombie (D:5)
  2 orc wizards (D:6)
  A bullfrog skeleton (D:6)
  A centaur skeleton (D:5)
  A gnoll shaman (D:4)
  2 iguanas
  3 worker ants
  Ijyb (D:3)
  15 adders
  4 gnolls (D:4)
  6 river rats (Sewer)
  A white imp (D:6)
  3 adder skeletons
  3 worms
  3 dart slugs
  8 leopard geckos
  13 orcs
  2 ball pythons (Sewer)
  8 bats
  9 giant cockroaches
  4 goblins
  4 hobgoblins
  15 jackals
  24 kobolds
  3 quokkas
  4 frilled lizards
  21 rats
183 creatures vanquished.

Notes
Turn   | Place    | Note
-------+----------+-------------------------------------------
     0 | D:1      | usernamexdxd the Deep Dwarf Hunter began the quest for the
                  | Orb.
     0 | D:1      | Reached XP level 1. HP: 19/19 MP: 1/1
    95 | D:1      | Reached XP level 2. HP: 20/26 MP: 2/2
   148 | D:1      | Reached skill level 5 in Crossbows
   779 | D:1      | Reached XP level 3. HP: 22/32 MP: 3/3
  1135 | D:2      | Reached skill level 6 in Crossbows
  1160 | D:2      | You fall into a shaft and drop 2 floors!
  1206 | D:3      | Found a runed translucent door.
  1208 | D:3      | Noticed Zanta616's ghost (weakling FeSu)
  1257 | D:3      | Reached XP level 4. HP: 27/39 MP: 4/4
  1312 | D:2      | Found a white marble altar of Elyvilon.
  1312 | D:2      | Found an ornate altar of the Wu Jian Council.
  1313 | D:2      | Found a burning altar of Makhleb.
  1321 | D:2      | Became a worshipper of Makhleb the Destroyer
  1725 | D:3      | Noticed Ijyb
  1901 | D:3      | Killed Ijyb
  1901 | D:3      | Reached skill level 7 in Crossbows
  1901 | D:3      | Reached XP level 5. HP: 45/45 MP: 5/5
  1973 | D:3      | Found a shimmering altar of Xom.
  2033 | D:3      | Reached skill level 8 in Crossbows
  2033 | D:3      | Reached XP level 6. HP: 50/52 MP: 6/6
  2141 | D:3      | Reached * piety under Makhleb
  2665 | D:4      | Reached skill level 9 in Crossbows
  2717 | D:4      | Reached XP level 7. HP: 37/58 MP: 7/7
  3076 | D:5      | Entered Level 5 of the Dungeon
  3204 | D:5      | Reached skill level 10 in Crossbows
  3298 | D:5      | Reached skill level 1 in Armour
  3379 | D:5      | Noticed Edmund
  3391 | D:5      | Killed Edmund
  4077 | D:6      | Noticed Eustachio
  4086 | D:6      | Killed Eustachio
  4086 | D:6      | Reached XP level 8. HP: 65/72 MP: 8/8
  4194 | D:6      | Reached ** piety under Makhleb
  4194 | D:6      | Reached skill level 5 in Armour
  4262 | D:6      | Found an ancient bone altar of Kikubaaqudgha.
  4332 | D:6      | Reached skill level 5 in Fighting
  4520 | D:6      | Found a glowing drain.
  4532 | Sewer    | Entered a sewer
  4795 | Sewer    | Reached *** piety under Makhleb
  5109 | Sewer    | Gained mutation: You are partially covered in molten
                  | scales. (AC +2) [potion of mutation]
  5109 | Sewer    | Gained mutation: You have sharp toenails. [potion of
                  | mutation]
  5109 | Sewer    | Gained mutation: You are agile. (Dex +2) [potion of
                  | mutation]
  5380 | D:6      | Gained mutation: You passively map the area around you.
                  | [Deep Dwarf growth]
  5380 | D:6      | Reached XP level 9. HP: 34/85 MP: 9/9
  5409 | D:6      | Found a staircase to the Ecumenical Temple.
  5686 | D:6      | Found a runed translucent door.
  5687 | D:6      | Noticed Crazy Yiuf
  5736 | D:7      | Noticed Prince Ribbit
  5738 | D:7      | Quit the game

Illustrated notes

Levels and vault maps discovered:
D:1:      erik_arrival_orb_chamber, layout_loops_corners, minmay_misc_feat_room,
          chequers_decorated_corner, glass_columns_a
D:2:      layout_rooms, chequers_temple_overflow_statue_of_worship,
          kennysheep_doodads
D:3:      layout_basic, ebering_ghost_inner_flame, led_xom_imps, uniq_ijyb
D:4:      layout_cave_pools
D:5:      layout_gridville, serial_bayou_crossing, uniq_edmund
D:6:      hangedman_cross_stitches, layout_layer_cave,
          minmay_temple_entry_ruins, basic_altar, gup_sewer_entry_pipe,
          minivault_26, wad_floor_pattern_2, uniq_crazy_yiuf_cottage,
          uniq_eustachio
D:7:      layout_cave_pools, eat_drink_and_be_merry_uskayaw, minmay_small_thing,
          uniq_prince_ribbit1

Skill      XL: |  1  2  3  4  5  6  7  8 |
---------------+-------------------------+-----
Crossbows      | 5 6 7 8 9 10 | 10.0
Fighting       | 3 6 |  6.6
Armour         | 3 5 |  5.0
Dodging        | |  2.1
Stealth        | |  1.2

Action                   |  1- 3 |  4- 6 |  7- 9 || total
-------------------------+-------+-------+-------++-------
Melee: Short sword       |    35 |       |       ||    35
       Dagger            |    15 |    23 |   318 ||   356
       Kick              |       |       |    13 ||    13
 Fire: Hand crossbow     |    50 |   150 |   104 ||   304
 Abil: Heal Wounds       |       |       |     1 ||     1
Evoke: Wand              |       |       |    10 ||    10
  Use: Scroll            |     4 |     6 |     3 ||    13
       Potion            |     1 |     3 |     2 ||     6
 Stab: Sleeping          |     1 |       |       ||     1
Armor: Leather armour    |     2 |       |       ||     2
       Chain mail        |    47 |    43 |       ||    90
       Plate armour      |       |    31 |   326 ||   357
Dodge: Dodged            |    30 |    30 |   122 ||   182

Table legend: (Time is in decaauts)
 A = Elapsed time spent in this place.
 B = Non-inter-level travel time spent in this place.
 C = Inter-level travel time spent in this place.
 D = Time resting spent in this place.
 E = Time spent auto-exploring this place.
 F = Levels seen in this place.
 G = Mean time per level.
                   A        B        C        D        E       F      G
               +--------+--------+--------+--------+--------+-----+--------+
         Total |   5767 |   5551 |    216 |     63 |   4024 |   8 |  720.9 |
       Dungeon |   5148 |   4932 |    216 |     63 |   3678 |   7 |  735.4 |
         Sewer |    619 |    619 |      0 |      0 |    346 |   1 |  619.0 |
               +--------+--------+--------+--------+--------+-----+--------+

Top non-repeatable levels by time:
     D:6: 1197 daAuts
     D:1: 974 daAuts
     D:3: 902 daAuts
     D:5: 864 daAuts
   Sewer: 619 daAuts
     D:2: 617 daAuts
     D:4: 590 daAuts
     D:7: 1 daAuts
